 Dungeon Crawl Stone Soup version 0.21.0 (console) character file.

127 Kloppie the Skirmisher (level 4, -4/42 HPs)
             Began as a Minotaur Fighter on Jan 7, 2018.
             Killed by nerve-wracking pain
             ... invoked by Grinder
              (9 damage)
             ... on level 3 of the Dungeon.
             The game lasted 00:02:19 (1674 turns).

Kloppie the Skirmisher (Minotaur Fighter)           Turns: 1674, Time: 00:02:19

Health: -4/42      AC:  6    Str: 22      XL:     4   Next: 85%
Magic:  3/3        EV:  7    Int:  3 (5)  God:
Gold:   83         SH:  9    Dex:  8 (9)  Spells: 3/3 levels left

rFire    . . .     SeeInvis .   a - +0 war axe
rCold    . . .     Gourm    .   c - +0 shield
rNeg     . . .     Faith    .   b - +0 scale mail
rPois    .         Spirit   .   (helmet restricted)
rElec    .         Reflect  .   (no cloak)
rCorr    .         Harm     .   (no gloves)
MR       .....                  (no boots)
Stlth    ..........             (no amulet)
HPRegen  0.14/turn              (no ring)
MPRegen  0.08/turn              (no ring)

@: no status effects
A: retaliatory headbutt, horns 2
a: no special abilities


You were on level 3 of the Dungeon.
You were not hungry.

You visited 1 branch of the dungeon, and saw 3 of its levels.

You collected 83 gold pieces.

Inventory:

Hand Weapons
 a - a +0 war axe (weapon)
Armour
 b - a +0 scale mail (worn)
 c - a +0 shield (worn)
Jewellery
 h - a cursed ring of loudness {unknown}
 k - an uncursed amulet of harm {unknown}
Scrolls
 e - 3 scrolls of identify {unknown}
 g - a scroll of teleportation {unknown}
 j - a scroll of magic mapping {unknown}
 l - 3 scrolls of remove curse {unknown}
 m - a scroll of fear {unknown}
Potions
 i - 2 potions of degeneration
Comestibles
 d - 5 chunks of flesh
 f - 4 rations


   Skills:
 + Level 5.4 Fighting
 + Level 4.7 Axes
 - Level 3.6 Armour
 - Level 3.6 Shields


You had 3 spell levels left.
You didn't know any spells.

Dungeon Overview and Level Annotations

Branches:
Dungeon (3/15)

Altars:
Gozag
Ru

Annotations:
D:3 Grinder


Innate Abilities, Weirdness & Mutations

You reflexively headbutt those who attack you in melee.
You have a pair of horns on your head.


Message History

* * * LOW HITPOINT WARNING * * *
You feel better.
Grinder zaps a wand.
You resist with some effort.
You closely miss Grinder.
Grinder is moderately wounded.
You block Grinder's attack. Grinder hits you but does no damage.
You barely miss Grinder.
Grinder is moderately wounded.
Grinder gestures at you. Pain shoots through your body!
* * * LOW HITPOINT WARNING * * *
You feel better. Grinder hits you.
* * * LOW HITPOINT WARNING * * *
You writhe in agony.
* * * LOW HITPOINT WARNING * * *
You hit Grinder. Your headbutt misses Grinder.
Grinder is heavily wounded.
Grinder blinks!
Grinder gestures at you. Pain shoots through your body!
You die...

.##### .....## .###..#
.# ##.## ###### ##
#>.## #....#
##..###....#
##.).#....#
###......##### #
##(÷....@..###.##
########.(...###......#
#.....###(...#
####....#
#.....##.....#####
##.....
#.....##.5..(....# ....
#................. ..#
#.....##.#######.. §.
#.(.......##.....#. #
#.....##...........


You could see Grinder.

Vanquished Creatures
  Robin (D:2)
  3 adders
  An ooze (D:3)
  2 dart slugs (D:2)
  3 leopard geckos
  A ball python (D:1)
  3 giant cockroaches
  17 goblins
  9 hobgoblins
  2 jackals (D:1)
  2 quokkas
  7 bats
  7 frilled lizards
  8 kobolds
  4 rats
70 creatures vanquished.

Notes
Turn   | Place    | Note
-------+----------+-------------------------------------------
     0 | D:1      | Kloppie the Minotaur Fighter began the quest for the Orb.
     0 | D:1      | Reached XP level 1. HP: 19/19 MP: 0/0
    93 | D:1      | Reached skill level 4 in Fighting
    94 | D:1      | Reached XP level 2. HP: 27/27 MP: 1/1
   451 | D:1      | Reached XP level 3. HP: 34/34 MP: 2/2
   766 | D:2      | Found an opulent altar of Gozag.
   856 | D:2      | Found a sacrificial altar of Ru.
  1149 | D:2      | Noticed Robin
  1159 | D:2      | Reached XP level 4. HP: 29/41 MP: 3/3
  1166 | D:2      | Reached skill level 5 in Fighting
  1180 | D:2      | Killed Robin
  1645 | D:3      | Noticed Grinder
  1674 | D:3      | Killed from afar by Grinder

Skill      XL: |  1  2  3  4 |
---------------+-------------+-----
Fighting       | 4 5 |  5.4
Axes           | 3 4 |  4.7
Armour         | |  3.6
Shields        | |  3.6

Action                   |  1- 3 |  4- 6 || total
-------------------------+-------+-------++-------
Melee: War axe           |   110 |    53 ||   163
       Headbutt          |    16 |     4 ||    20
  Use: Potion            |       |     5 ||     5
  Eat: Chunk             |     1 |     2 ||     3
Armor: Scale mail        |    51 |    24 ||    75
Dodge: Dodged            |    26 |    19 ||    45
Block: Shield            |    57 |    31 ||    88
